 Dungeon Crawl Stone Soup version 0.30-a0-462-gd5975efbca (webtiles) character file.

Game seed: 14626604833128057436

1586650 holysushi the Swordfish (level 27, 273/273 HPs)
             Began as a Merfolk Gladiator on Dec 16, 2022.
             Was an Initiate of Gozag.
             Escaped with the Orb
             ... and 3 runes!
             The game lasted 02:43:33 (74829 turns).

holysushi the Swordfish (Merfolk Gladiator)        Turns: 74829, Time: 02:43:34

Health: 273/273    AC: 20    Str: 22    XL:     27
Magic:  23/23      EV: 52    Int: 20    God:    Gozag
Gold:   1832       SH:  0    Dex: 38    Spells: 25/26 levels left

rFire   + . .      SeeInvis +    a - +6 triple sword (vorpal)
rCold   + + +      Faith    .    (shield currently unavailable)
rNeg    + . .      Spirit   .    O - +4 skin of Zhor {*Englaciate rC+++ SInv}
rPois   +          Reflect  .    c - +3 helmet of Biskudiu {rN+ Dex+6}
rElec   .          Harm     .    P - +2 cloak {Will+}
rCorr   .          Rampage  .    s - +1 pair of gloves of Asil {Int+4 Slay+2}
Will    +++..                    r - +0 pair of boots
Stlth   ++++......               B - amulet of regeneration
HPRegen 1.45/turn                W - ring "Rotuol Tuyts" {rPois rF+ Str+6}
MPRegen 0.18/turn                J - ring "Ytacowk" {rC+ Int+6 Dex+7}

@: studying 2 skills, bribing [the Dungeon]
A: (nimble swimmer 2), mertail, iridescent scales 1, robust 1
0: Orb of Zot
}: 3/15 runes: decaying, serpentine, silver
a: Renounce Religion, Potion Petition, Call Merchant, Bribe Branch


You escaped.
You worshipped Gozag.
Gozag was most pleased with you.
You visited 10 branches of the dungeon, and saw 48 of its levels.
You also visited: Gauntlet and Ice Cave.

You collected 28838 gold pieces.
You spent 8609 gold pieces at shops.
You paid 18397 gold pieces to Gozag.

Inventory:

Hand Weapons
 a - a +6 vorpal triple sword (weapon)
 Y - the +9 long sword "Qywken" {antimagic, Dex+6}
   (You took it off a vampire mage on level 2 of the Depths)

   It reduces the magical energy of the wielder, and disrupts the spells and
   magical abilities of those it strikes.
   Natural abilities and divine invocations are not affected.
   Dex:       It affects your dexterity (+6).
Armour
 c - the +3 helmet of Biskudiu (worn) {rN+ Dex+6}
   (You bought it in a shop on level 5 of the Vaults)

   Dex:       It affects your dexterity (+6).
   rN:        It protects you from negative energy.
 d - the +0 cloak of Existentialism {rPois rC- Dex+4}
   (You found it on level 4 of the Vaults)

   Dex:       It affects your dexterity (+4).
   rC:        It makes you vulnerable to cold.
   rPois:     It protects you from poison.
 r - a +0 pair of boots (worn)
 s - the +1 pair of gloves of Asil (worn) {Int+4 Slay+2}
   (You bought it in a shop on level 3 of the Dungeon)

   Int:       It affects your intelligence (+4).
   Slay:      It affects your accuracy & damage with ranged weapons and melee
   (+2).
 O - the +4 skin of Zhor (worn) {*Englaciate rC+++ SInv}
   (You bought it in a shop on level 2 of the Orcish Mines)

   It radiates cold, occasionally slowing all nearby creatures who are not
   resistant to cold.
   rC:        It renders you almost immune to cold.
   SInv:      It lets you see invisible.
 P - a +2 cloak of willpower (worn)
Jewellery
 j - a ring of positive energy
 p - the ring "Pitiro" {rC+ Will- Int+2 Dex+9 Stlth+}
   (You found it on level 2 of the Vaults)

   [ring of protection from cold]

   Int:       It affects your intelligence (+2).
   Dex:       It affects your dexterity (+9).
   rC:        It protects you from cold.
   Will:      It decreases your willpower.
   Stlth:     It makes you more stealthy.
 u - a ring of resist corrosion
 w - a ring of ice
 B - an amulet of regeneration (around neck)
 J - the ring "Ytacowk" (right hand) {rC+ Int+6 Dex+7}
   (You took it off a deep elf master archer on level 3 of the Elven Halls)

   [ring of intelligence]

   Int:       It affects your intelligence (+6).
   Dex:       It affects your dexterity (+7).
   rC:        It protects you from cold.
 T - a ring of willpower
 W - the ring "Rotuol Tuyts" (left hand) {rPois rF+ Str+6}
   (You found it on level 2 of the Snake Pit)

   [ring of strength]

   Str:       It affects your strength (+6).
   rF:        It protects you from fire.
   rPois:     It protects you from poison.
Wands
 k - a wand of mindburst (6)
 v - a wand of paralysis (42)
 y - a wand of roots (48)
 z - a wand of quicksilver (28)
 D - a wand of digging (10)
 I - a wand of flame (60)
Scrolls
 f - 9 scrolls of fog
 i - 5 scrolls of immolation
 t - 12 scrolls of fear
 x - 2 scrolls of silence
 C - 26 scrolls of teleportation
 F - 13 scrolls of blinking
 G - 6 scrolls of poison
 L - 6 scrolls of brand weapon
 R - 3 scrolls of butterflies
 S - 13 scrolls of enchant armour
 U - 7 scrolls of magic mapping
 X - 11 scrolls of vulnerability
Potions
 g - 4 potions of mutation
 h - 7 potions of flight
 n - 9 potions of lignification
 o - 4 potions of heal wounds
 q - 5 potions of resistance
 E - 9 potions of brilliance
 H - 2 potions of magic
 K - 8 potions of might
 N - 3 potions of berserk rage
 Q - 19 potions of curing
 V - 5 potions of cancellation
 Z - 3 potions of ambrosia
Miscellaneous
 b - a box of beasts
 e - a phantom mirror
 l - a lightning rod (4/4)
 m - a phial of floods
 M - a condenser vane (quivered)


   Skills:
 O Level 27 Fighting
 O Level 27 Long Blades
 - Level 2.4 Throwing
 - Level 9.7 Armour
 O Level 27 Dodging
 + Level 25.2 Stealth
 - Level 16.0 Evocations


You had 25 spell levels left.
You knew the following spells:

 Your Spells              Type           Power      Damage    Failure   Level
a - Apportation           Tloc           0%         N/A       19%         1

Your spell library contained the following spells:

 Spells                   Type           Power      Damage    Failure   Level
 Beastly Appendage        Tmut           0%         N/A       19%         1
 Foxfire                  Conj/Fire      0%         2x1d4     19%         1
 Freeze                   Ice            0%         1d3       19%         1
 Kiss of Death            Conj/Necr      0%         2d5       19%         1
 Magic Dart               Conj           0%         1d3       19%         1
 Necrotise                Necr           0%         1d4       19%         1
 Sandblast                Erth           0%         2d4       19%         1
 Sting                    Tmut/Pois      0%         1d3       19%         1
 Blink                    Tloc           0%         N/A       28%         2
 Call Imp                 Summ           0%         N/A       28%         2
 Ensorcelled Hibernation  Hex/Ice        0%         N/A       28%         2
 Passwall                 Tmut/Erth      0%         N/A       28%         2
 Poisonous Vapours        Pois/Air       0%         N/A       28%         2
 Scorch                   Fire           0%         2d5       28%         2
 Searing Ray              Conj           0%         2d4       28%         2
 Static Discharge         Conj/Air       0%         2-2/arc   28%         2
 Sublimation of Blood     Necr           0%         N/A       28%         2
 Wereblood                Tmut           0%         N/A       28%         2
 Confusing Touch          Hex            0%         N/A       50%         3
 Dazzling Flash           Conj/Hex       0%         N/A       50%         3
 Ignite Poison            Fire/Tmut/Pois 0%         N/A       50%         3
 Kindle Blastsparks       Fire/Tloc/Air  0%         2d10      50%         3
 Mephitic Cloud           Conj/Pois/Air  0%         N/A       50%         3
 Ozocubu's Armour         Ice            0%         N/A       50%         3
 Portal Projectile        Hex/Tloc       0%         N/A       50%         3
 Spider Form              Tmut/Pois      0%         N/A       50%         3
 Stone Arrow              Conj/Erth      0%         3d7       50%         3
 Summon Guardian Golem    Hex/Summ       0%         N/A       50%         3
 Swiftness                Air            0%         N/A       50%         3
 Teleport Other           Tloc           0%         N/A       50%         3
 Tukima's Dance           Hex            0%         N/A       50%         3
 Vampiric Draining        Necr           0%         2d6       50%         3
 Vhi's Electric Charge    Tloc/Air       0%         N/A       50%         3
 Anguish                  Hex/Necr       0%         N/A       88%         4
 Animate Armour           Summ/Erth      0%         N/A       88%         4
 Cause Fear               Hex            0%         N/A       88%         4
 Dispel Undead            Necr           0%         3d6       88%         4
 Flame Wave               Conj/Fire      0%         2d4       88%         4
 Fulminant Prism          Conj/Hex       0%         3d5       88%         4
 Iskenderun's Mystic Bla  Conj/Tloc      0%         2d3       88%         4
 Manifold Assault         Tloc           0%         N/A       88%         4
 Olgreb's Toxic Radiance  Pois           0%         N/A       88%         4
 Passage of Golubria      Tloc           0%         N/A       88%         4
 Petrify                  Tmut/Erth      0%         N/A       88%         4
 Summon Lightning Spire   Summ/Air       0%         N/A       88%         4
 Agony                    Necr           0%         N/A       99%         5
 Alistair's Intoxication  Tmut/Pois      0%         N/A       99%         5
 Arcjolt                  Conj/Air       0%         1d10      99%         5
 Blade Hands              Tmut           0%         N/A       99%         5
 Borgnjor's Vile Clutch   Necr/Erth      0%         N/A       99%         5
 Fireball                 Conj/Fire      0%         3d3       99%         5
 Freezing Cloud           Conj/Ice/Air   0%         6-21      99%         5
 Irradiate                Conj/Tmut      0%         3d11      99%         5
 Iskenderun's Battlesphe  Conj           0%         2d6       99%         5
 Lee's Rapid Deconstruct  Erth           0%         3d4*      99%         5
 Lightning Bolt           Conj/Air       0%         1d11      99%         5
 Summon Forest            Summ/Tloc      0%         N/A       99%         5
 Summon Mana Viper        Hex/Summ       0%         N/A       99%         5
 Yara's Violent Unravell  Hex/Tmut       0%         3d3       99%         5
 Conjure Ball Lightning   Conj/Air       0%         3x3d6     100%        6
 Death Channel            Necr           0%         N/A       100%        6
 Dispersal                Tloc           0%         N/A       100%        6
 Eringya's Noxious Bog    Tmut/Pois      0%         N/A       100%        6
 Iron Shot                Conj/Erth      0%         9d1       100%        6
 Starburst                Conj/Fire      0%         6d3       100%        6
 Summon Cactus Giant      Summ           0%         N/A       100%        6
 Dragon Form              Tmut           0%         N/A       100%        7
 Enfeeble                 Hex            0%         N/A       100%        7
 Haunt                    Necr/Summ      0%         N/A       100%        7
 Malign Gateway           Summ/Tloc      0%         N/A       100%        7
 Orb of Destruction       Conj           0%         9d5       100%        7
 Ozocubu's Refrigeration  Ice            0%         4d7       100%        7
 Spellforged Servitor     Conj/Summ      0%         N/A       100%        7
 Storm Form               Tmut/Air       0%         N/A       100%        7
 Borgnjor's Revivificati  Necr           0%         N/A       100%        8
 Disjunction              Tloc           0%         N/A       100%        8
 Lehudib's Crystal Spear  Conj/Erth      0%         10d2      100%        8
 Maxwell's Capacitive Co  Air            0%         ∞         100%        8
 Necromutation            Tmut/Necr      0%         N/A       100%        8
 Chain Lightning          Conj/Air       0%         N/A       100%        9
 Death's Door             Necr           0%         N/A       100%        9
 Dragon's Call            Summ           0%         N/A       100%        9
 Fire Storm               Conj/Fire      0%         5d1       100%        9
 Shatter                  Erth           0%         3d5*      100%        9
 Animate Dead             Necr           Unusable   N/A       N/A         4

Dungeon Overview and Level Annotations

Branches:
Dungeon (15/15)            Temple (1/1) D:4            Lair (5/5) D:9
  Swamp (4/4) Lair:3        Snake (4/4) Lair:3        Slime (0/5) Lair:4
    Orc (2/2) D:10            Elf (3/3) Orc:2        Vaults (5/5) D:14
  Crypt (0/3) Vaults:3     Depths (4/4) D:15            Zot (5/5) Depths:4
  IceCv (visited)         Gauntlet (visited)

Altars:
Ashenzari
Cheibriados
Dithmenos
Elyvilon
Fedhas
Gozag
Hepliaklqana
Kikubaaqudgha
Makhleb
Nemelex Xobeh
Okawaru
Qazlal
Ru
Sif Muna
Trog
Uskayaw
Vehumet
Wu Jian
Xom
Yredelemnul
Zin
The Shining One
Jiyva

Shops:
D:3 [   D:8 [   D:9 *   Orc:2 :(*(*   Elf:3 ?   Swamp:3 =   Snake:1 !=*?
Snake:4 *:   Vaults:1 ?*[[   Vaults:4 [   Vaults:5 *(((   Zot:5 [

Portals:
Hell: Depths:1 Depths:2 Depths:3 Depths:4
Abyss: Depths:3
Pandemonium: Depths:1 Depths:2
Ziggurat: Depths:3

Annotations:
D:5 exclusion: downstairs
D:12 2 transporters, lotum's ghost, journeyman FoFi
Lair:1 exclusion: downstairs
Lair:4 3 runed translucent doors, Darkkill's ghost, journeyman MiHu
Snake:1 exclusion: downstairs
Orc:1 Jorgrun
Elf:2 3 runed translucent doors
Elf:3 1 runed translucent door, exclusion: deep elf blademaster


Innate Abilities, Weirdness & Mutations

((You are very nimble when in or above water. (Stealth+, EV+, Speed+++)))
Your lower body shifts to a powerful aquatic tail in water.
You are partially covered in iridescent scales. (AC +2)
You are robust. (+10% HP)


Message History

There is a stone staircase leading up, spattered with blood here.
You climb upwards.
Level annotation: exclusion: downstairs
There is a stone staircase leading down here.
You see here a +0 flail.
There is a stone staircase leading down here.
Things that are here:
a +0 robe of fire resistance; a +0 dagger
There is an open door here.
There is an open door here.
There is a stone staircase leading up here.
You climb upwards.
There is a stone staircase leading down here.
You see here a +0 falchion.
The Hell Sentinel stares, then turns away, jangling a coin purse.
A Hell Sentinel comes into view.
You swap places.
There is an escape hatch in the ceiling here.
A mysterious force pulls you upwards. The hatch slams shut behind you.
There is a stone staircase leading down here.
There is a stone staircase leading up, spattered with blood here.
You see here a +0 giant spiked club.
You climb upwards.
There is a stone staircase leading down here.
There is a stone staircase leading up here.
You climb upwards.
There is a stone staircase leading down here.
Things that are here:
5 stones; a +0 short sword
There is an open gate here.
There is a staircase leading out of the dungeon here.
There is an open gate here.
There is an open gate here.
There is an open gate here.
There is a staircase leading out of the dungeon here.
You start waiting.
You hear a grinding noise.
A cacodemon comes into view.
You radiate an aura of cold.
The cacodemon resists.
You have escaped!

### ###.# ######...#
.......#.#
.#####.#.########### .#
#.#..2.....@..#### .#
#.#.######...##..# .#
#.#.# #.###.#..# .#
#.#.# #8'''8#..# .#
#.#.#######.###..# .#
#.#...........#..# .#
#.###########.#..# .#
#..........##.#..#
.#############.###.#..#


You could see a cacodemon.

Vanquished Creatures
  A dread lich (Zot:5)
  2 ancient liches
  8 orbs of fire (Zot:5)
  Josephina (Depths:3)
  Bai Suzhen (Snake:4)
  2 Killer Klowns
  Margery (Vaults:5)
  4 curse toes
  Saint Roka (Elf:3)
  8 golden dragons
  The ghost of Queguwis the Phalangite, a veteran MfGl of the Shining One (Vaults:4)
  5 caustic shrikes (Depths:4)
  Jory (Depths:4)
  A Tzitzimitl (Depths:3)
  24 tentacled monstrosities
  Mlioglotl (Snake:4)
  3 electric golems
  Rupert (D:15)
  31 Orb Guardians
  3 liches
  2 deep elf blademasters (Elf:3)
  A walking earthen tome (Depths:4)
  7 titans (Vaults:5)
  3 deep elf master archers (Elf:3)
  The ghost of Wueresid the Spry, an adept DEHW of Sif Muna (Vaults:2)
  4 sphinxes
  6 quicksilver dragons
  Frances (D:14)
  Agnes (Snake:4)
  Kirke (Snake:1)
  22 death cobs
  A tengu reaver (Vaults:5)
  A thorn hunter (Swamp:3)
  14 storm dragons
  11 shadow dragons
  Donald (Snake:3)
  4 draconian monks
  9 fire giants
  A draconian scorcher (Zot:4)
  6 nagarajas
  5 frost giants
  3 iron dragons (Depths:3)
  3 ghost moths
  9 deep elf sorcerers
  2 draconian knights
  Aizul (Swamp:4)
  16 vault wardens
  Louise (Snake:2)
  3 cacodemons (Vaults:4)
  3 draconian stormcallers
  A balrug (Depths:1)
  8 deep elf elementalists (Elf:3)
  4 draconian shifters
  An orc warlord (Vaults:3)
  18 ironbound preservers
  8 draconian annihilators
  16 very ugly things
  2 war gargoyles
  A juggernaut skeleton (Depths:3)
  22 stone giants
  4 ironbound thunderhulks
  6 vampire knights
  10 yellow draconians
  3 deep elf demonologists
  3 green draconians
  2 bunyips
  6 deep elf annihilators
  7 black draconians
  7 eleionomae
  8 purple draconians
  Azrael (Snake:1)
  4 spark wasps
  9 red draconians
  8 dire elephants
  A minotaur (Gauntlet)
  8 white draconians
  2 blizzard demons (IceCv)
  2 crystal guardians
  A green death (Depths:1)
  Snorg (Orc:2)
  10 ettins
  A deep elf death mage (Elf:3)
  10 fire dragons
  12 yaktaur captains
  2 entropy weavers
  7 great orbs of eyes
  3 deep elf high priests
  A hell beast (Depths:3)
  13 ice dragons
  4 rakshasas
  A hydra (shapeshifter) (Vaults:4)
  A catoblepas (Lair:5)
  A caustic shrike simulacrum (IceCv)
  32 vault guards
  2 ghost crabs
  6 anacondas
  An ogre mage (Vaults:5)
  2 juggernaut simulacra (Depths:3)
  7 hydras
  4 salamander tyrants
  6 spriggan air magi
  2 peacekeepers
  8 boulder beetles
  3 centaur warriors
  12 alligators
  An alligator (shapeshifter) (Vaults:5)
  10 deep troll shamans
  7 two-headed ogres
  5 ironbound frosthearts
  4 tengu warriors
  13 dancing weapons
  9 naga warriors
  9 naga sharpshooters
  9 shock serpents
  13 deep elf knights
  12 deep troll earth magi
  7 hell knights
  8 spriggan berserkers
  2 vampire magi
  A shock serpent (shapeshifter) (Vaults:5)
  3 sun demons
  15 iron trolls
  3 soul eaters (Zot:3)
  9 spriggans
  2 goliath frogs
  2 death drakes (Zot:3)
  6 skeletal warriors
  3 spriggan druids
  A shadow dragon zombie (Vaults:4)
  6 glowing orange brains
  3 bog bodies
  8 salamander mystics
  A sea snake (shapeshifter) (Vaults:4)
  6 deep elf archers
  A flayed ghost (Depths:2)
  4 swamp dragons
  An orange crystal statue (Zot:5)
  8 spriggan simulacra
  17 wizards
  5 phantasmal warriors
  13 naga ritualists
  13 lindwurms
  67 deep trolls
  An obsidian statue (IceCv)
  22 ironbound convokers
  6 harpies
  5 necromancers
  5 orc sorcerers
  A wolf spider (D:15)
  11 orc knights
  54 ugly things
  13 deep elf zephyrmancers
  11 mana vipers
  A human zombie (Vaults:4)
  20 deep elf pyromancers
  A harpy (shapeshifter) (Vaults:5)
  A faun (shapeshifter) (Depths:2)
  2 will-o-the-wisps (Swamp:4)
  A shadow dragon skeleton (Depths:3)
  4 cyclopes
  27 salamanders
  A frost giant zombie (Depths:3)
  2 salamanders (shapeshifter)
  A moth of wrath (shapeshifter) (Vaults:5)
  31 moths of wrath
  21 elephants
  Maurice (D:10)
  21 vault sentinels
  53 black mambas
  2 molten gargoyles (Lair:5)
  A stone giant skeleton (Vaults:4)
  7 guardian serpents
  A black mamba (shapeshifter) (Elf:2)
  20 naga magi
  2 gargoyles (D:13)
  A rust devil (Depths:1)
  A cane toad (shapeshifter) (Elf:1)
  A smoke demon (Depths:1)
  8 cane toads
  An unseen horror (D:9)
  A yaktaur zombie (Vaults:4)
  15 ice devils
  A rime drake (shapeshifter) (D:11)
  7 freezing wraiths
  26 yaktaurs
  A spark wasp simulacrum (Depths:3)
  A rime drake (D:9)
  13 komodo dragons
  An efreet (D:14)
  3 tengu conjurers
  A red devil (Depths:3)
  6 trolls
  A bloated husk (Swamp:4)
  12 tyrant leeches
  A polar bear (Lair:4)
  Grinder (D:6)
  11 hornets
  A tarantella (shapeshifter) (D:14)
  A dream sheep (shapeshifter) (Vaults:5)
  19 blink frogs
  33 slime creatures
  A jumping spider (Vaults:4)
  2 culicivoras (shapeshifter)
  A fire giant simulacrum (Depths:3)
  An ettin zombie (Vaults:4)
  6 wraiths
  A shadow (D:10)
  2 vampires
  4 water elementals
  3 air elementals
  8 wyverns
  28 yaks
  6 fire elementals
  A ynoxinul (Depths:1)
  2 dire elephant simulacra
  5 basilisks
  3 steam dragons
  2 redbacks (Vaults:5)
  4 swamp worm simulacra (Swamp:4)
  3 wargs
  6 vampire mosquitoes
  Menkaure (D:7)
  6 minotaur simulacra
  14 swamp worms
  4 harpy simulacra
  A swamp worm (shapeshifter) (D:14)
  56 nagas
  6 water moccasins
  4 acid dragons
  A water moccasin (shapeshifter) (Vaults:4)
  22 hydra simulacra
  An acid dragon (shapeshifter) (Vaults:4)
  A floating eye (shapeshifter) (Vaults:4)
  7 hell hounds
  8 ice beasts
  A floating eye (Depths:1)
  4 swamp drakes (Swamp:1)
  47 orc warriors
  A black bear (D:7)
  2 alligator simulacra
  21 centaurs
  An ettin simulacrum (IceCv)
  5 ogres
  30 wolves
  5 boggarts
  A phantom (D:7)
  2 kobold brigands
  3 gnoll sergeants
  8 bullfrogs
  A glowing shapeshifter simulacrum (Depths:3)
  7 necrophages
  5 scorpions
  7 deep troll simulacra
  An earth elemental (Elf:2)
  A human simulacrum (Depths:3)
  3 wights (D:7)
  13 killer bees (D:9)
  2 lindwurm simulacra
  4 howler monkeys
  5 electric eels
  5 lava snakes (Lair:5)
  2 jellies (D:8)
  A jelly (shapeshifter) (Vaults:4)
  26 orc priests
  2 hounds
  3 gnoll boudas
  2 iguanas (D:7)
  25 orc wizards
  27 gnolls
  15 adders
  5 white imps
  4 swamp drake simulacra (Swamp:4)
  3 dart slugs
  102 orcs
  4 ball pythons
  5 endoplasms
  3 giant cockroaches
  5 goblins
  6 hobgoblins
  2 jackals (D:4)
  14 kobolds
  5 bats
  2 frilled lizards (D:1)
  4 rats
2066 creatures vanquished.

Vanquished Creatures (collateral kills)
  A yaktaur captain (Vaults:5)
  A dancing weapon (Elf:3)
  A black mamba (Snake:4)
  A naga mage (Snake:4)
  A cane toad (shapeshifter) (Vaults:4)
  A polar bear (shapeshifter) (Vaults:4)
  An air elemental (Elf:3)
  2 nagas (Snake:4)
  An orc warrior (Elf:3)
  A centaur (shapeshifter) (Vaults:4)
11 creatures vanquished.

Vanquished Creatures (others)
  An ancient lich (Vaults:5)
  An eleionoma (Swamp:3)
  A purple draconian (Zot:1)
  A hydra (Swamp:4)
  A two-headed ogre (shapeshifter) (Vaults:4)
  A deep elf knight (Elf:2)
  A yaktaur (shapeshifter) (Vaults:5)
  4 bloated husks
  6 humans (Snake:2)
  A fire elemental (Snake:2)
  2 swamp worms (Swamp:4)
  An ogre (Vaults:5)
  An orc (D:6)
  41 fungi
  48 plants
111 creatures vanquished.

Grand Total: 2188 creatures vanquished

Notes
Turn   | Place    | Note
-------+----------+-------------------------------------------
     0 | D:1      | holysushi the Merfolk Gladiator began the quest for the
                  | Orb.
     0 | D:1      | Reached XP level 1. HP: 16/16 MP: 1/1
   152 | D:1      | Reached XP level 2. HP: 22/22 MP: 2/2
  1507 | D:2      | Reached XP level 3. HP: 27/27 MP: 3/3
  1629 | D:3      | Reached XP level 4. HP: 33/33 MP: 4/4
  1649 | D:3      | Reached skill level 5 in Long Blades
  1713 | D:3      | Identified the +0 leather armour "Bourotou" {Str+3}
  1936 | D:3      | Found Uhuluin's Armour Boutique.
  2091 | D:3      | Found a faded altar of an unknown god.
  2616 | D:4      | Noticed an ogre
  2688 | D:4      | Found a staircase to the Ecumenical Temple.
  2694 | Temple   | Entered the Ecumenical Temple
  2823 | D:4      | Noticed a scorpion
  2823 | D:4      | Noticed a gnoll sergeant
  2862 | D:3      | Killed a scorpion
  2863 | D:3      | Reached XP level 5. HP: 15/38 MP: 5/5
  3136 | D:3      | HP: 1/38 [poisoned by a scorpion]
  3143 | D:3      | Reached XP level 6. HP: 9/44 MP: 6/6
  3901 | D:4      | Reached XP level 7. HP: 19/51 MP: 7/7
  4193 | D:5      | Entered Level 5 of the Dungeon
  6534 | D:6      | Reached XP level 8. HP: 42/58 MP: 8/8
  6648 | D:6      | HP: 2/58 [orc wizard/puff of flame (7)]
  7736 | D:7      | Found an ornate altar of the Wu Jian Council.
  7736 | D:7      | Noticed a wyvern
  7748 | D:7      | Killed a wyvern
  7809 | D:7      | Noticed Menkaure
  7817 | D:7      | Killed Menkaure
  8466 | D:3      | Bought the +1 pair of gloves of Asil {Int+4 Slay+2} for 466
                  | gold pieces
  8572 | D:6      | Reached XP level 9. HP: 66/66 MP: 9/9
  8597 | D:6      | Noticed Grinder
  8607 | D:6      | Paralysed by Grinder for 5 turns
  8617 | D:6      | Killed Grinder
  8796 | D:7      | Reached skill level 5 in Fighting
  8796 | D:7      | Reached skill level 10 in Long Blades
 10235 | D:8      | Noticed a hornet
 10277 | D:8      | Killed a hornet
 10563 | D:8      | Found Vuurphet's Antique Armour Emporium.
 10573 | D:8      | Bought a fabulously ornate robe for 125 gold pieces
 10573 | D:8      | Identified the +1 robe "Onwobezo" {rCorr MP+9} (You bought
                  | it in a shop on level 8 of the Dungeon)
 10722 | D:8      | Found an opulent altar of Gozag.
 10820 | D:8      | Reached skill level 1 in Stealth
 10944 | D:8      | Reached XP level 10. HP: 67/74 MP: 10/10
 10970 | D:8      | Found an iron altar of Okawaru.
 11692 | D:9      | Reached skill level 1 in Evocations
 12343 | D:9      | Found a staircase to the Lair.
 13160 | D:10     | Entered Level 10 of the Dungeon
 13179 | D:9      | Reached skill level 15 in Dodging
 13285 | D:10     | Paralysed by a hornet for 3 turns
 13847 | D:9      | Found a staircase to the Lair.
 14353 | D:10     | Reached XP level 11. HP: 79/79 MP: 11/11
 14357 | D:10     | Identified a scroll of acquirement
 14357 | D:10     | Acquired 879 gold pieces
 14447 | D:8      | Became a worshipper of Gozag Ym Sagoz the Greedy
 16336 | D:9      | Bought a scroll labelled SETYW IH ZUHO for 31 gold pieces
 16336 | D:9      | Bought a scroll labelled ZYKKUN LILONE for 31 gold pieces
 16336 | D:9      | Bought an embroidered cloak for 232 gold pieces
 17032 | D:10     | Found a staircase to the Orcish Mines.
 17197 | Lair:1   | Entered Level 1 of the Lair of Beasts
 18021 | Lair:1   | Reached skill level 5 in Stealth
 18474 | Lair:2   | Noticed a six-headed hydra
 18770 | Orc:1    | Entered Level 1 of the Orcish Mines
 18771 | Orc:1    | Noticed an orc sorcerer
 18795 | Orc:1    | Killed an orc sorcerer
 19041 | Orc:1    | Noticed Maurice
 19051 | D:10     | Reached XP level 12. HP: 68/87 MP: 12/12
 19348 | D:10     | Killed Maurice
 19678 | Orc:1    | Noticed Jorgrun
 20179 | Orc:2    | Entered Level 2 of the Orcish Mines
 20987 | Orc:2    | Noticed Snorg
 21025 | Orc:2    | Killed Snorg
 21605 | Orc:2    | Found a staircase to the Elven Halls.
 21672 | Orc:2    | Noticed a centaur warrior
 21686 | Orc:2    | Killed a centaur warrior
 21714 | Orc:2    | Noticed a centaur warrior
 21760 | Orc:2    | Killed a centaur warrior
 22853 | Orc:2    | Found Urhuiczin's Antique Weapon Shoppe.
 22853 | Orc:2    | Found Vaelom's Assorted Antiques.
 22853 | Orc:2    | Found Decir's Weapon Shop.
 22856 | Orc:2    | Found Suecw's Book Emporium.
 23157 | Orc:2    | Bought a jade ring for 115 gold pieces
 23157 | Orc:2    | Bought a glowing white potion for 20 gold pieces
 23195 | Elf:1    | Entered Level 1 of the Elven Halls
 23199 | Elf:1    | Reached XP level 13. HP: 101/101 MP: 13/13
 23903 | D:11     | Found a gate leading to a gauntlet.
 23911 | Gauntlet | Entered a Gauntlet
 23911 | Gauntlet | Found a transporter.
 23918 | Gauntlet | Noticed a blizzard demon
 23920 | Gauntlet | Found a transporter.
 23940 | Gauntlet | Found a transporter.
 23940 | Gauntlet | Found a transporter.
 23960 | Gauntlet | Found a transporter.
 23973 | Gauntlet | Found a transporter.
 23977 | Gauntlet | Found a transporter.
 23981 | Gauntlet | Found a transporter.
 24004 | Gauntlet | Found a transporter.
 24024 | Gauntlet | Found a transporter.
 24028 | Gauntlet | Found a transporter.
 24030 | Gauntlet | Found a runed translucent gate.
 24030 | Gauntlet | Found a runed translucent gate.
 24030 | Gauntlet | Found a runed translucent gate.
 24031 | Gauntlet | Noticed a blizzard demon
 24036 | Gauntlet | Found a transporter.
 24118 | Gauntlet | Identified the ring "Gemiumux" {Drain Fly MP+9 SInv}
 24164 | Gauntlet | an anaconda changed into a broodmother
 24164 | Gauntlet | Noticed a broodmother (glowing shapeshifter)
 24167 | Gauntlet | a broodmother changed into a wolf spider
 24189 | Gauntlet | a slime creature changed into a bunyip
 24189 | Gauntlet | Noticed a bunyip (glowing shapeshifter)
 24194 | Gauntlet | a bunyip changed into a storm dragon
 24194 | Gauntlet | Noticed a storm dragon (glowing shapeshifter)
 24203 | Gauntlet | a storm dragon changed into a four-headed hydra
 24206 | Gauntlet | a four-headed hydra changed into a bunyip
 24206 | Gauntlet | Noticed a bunyip (glowing shapeshifter)
 24210 | Gauntlet | a bunyip changed into a white draconian
 24210 | Gauntlet | Noticed a white draconian (glowing shapeshifter)
 24215 | Gauntlet | a white draconian changed into a dire elephant
 24215 | Gauntlet | Noticed a dire elephant (glowing shapeshifter)
 24216 | Gauntlet | a dire elephant changed into a death yak
 24224 | Gauntlet | a seven-headed hydra changed into a minotaur
 24224 | Gauntlet | Noticed a minotaur (glowing shapeshifter)
 24233 | Gauntlet | a minotaur changed into a storm dragon
 24233 | Gauntlet | Noticed a storm dragon (glowing shapeshifter)
 24234 | Gauntlet | a storm dragon changed into a quicksilver ooze
 24234 | Gauntlet | Noticed a quicksilver ooze (glowing shapeshifter)
 24235 | Gauntlet | a quicksilver ooze changed into a tyrant leech
 24244 | Gauntlet | Identified the +1 plate armour of Xyigop {rElec Int+2
                  | Stlth+}
 24255 | Gauntlet | Identified the +3 acid dragon scales "Keowacke" {rCorr
                  | Int+2}
 24255 | Gauntlet | Noticed a minotaur
 24280 | Gauntlet | Killed a minotaur
 25116 | D:12     | Reached skill level 10 in Fighting
 25423 | Orc:2    | Reached skill level 10 in Stealth
 25451 | Orc:2    | Bought the +4 skin of Zhor {*Englaciate rC+++ SInv} for
                  | 1529 gold pieces
 25451 | Orc:2    | Found the +4 skin of Zhor {*Englaciate rC+++ SInv}
 27000 | Lair:3   | Found a staircase to the Swamp.
 27349 | Lair:3   | Identified the +8 whip "Jetybestruu" {venom, *Noise rElec
                  | Int+4 SInv}
 27827 | Lair:3   | Found a staircase to the Snake Pit.
 28234 | Lair:4   | Reached XP level 14. HP: 110/110 MP: 14/14
 28401 | Lair:4   | Found a runed translucent gate.
 28401 | Lair:4   | Found a runed translucent gate.
 28401 | Lair:4   | Found a runed translucent gate.
 28535 | Lair:4   | Found a staircase to the Slime Pits.
 28536 | Lair:4   | Found a viscous altar of Jiyva.
 28621 | Lair:4   | Reached skill level 15 in Long Blades
 29016 | Lair:4   | Noticed Darkkill's ghost (journeyman MiHu)
 29115 | Lair:5   | Entered Level 5 of the Lair of Beasts
 30320 | Lair:5   | Found a large runed translucent door.
 30324 | Lair:5   | Found a large runed translucent door.
 31497 | Snake:1  | Entered Level 1 of the Snake Pit
 31951 | Snake:1  | Found Wageuma's Magic Scroll Shoppe.
 31951 | Snake:1  | Found Zaybb's Distillery.
 31952 | Snake:1  | Found Inimoh's Jewellery Emporium.
 31966 | Snake:1  | Found Guacunem's General Store.
 31969 | Snake:1  | Bought 2 scrolls of teleportation for 90 gold pieces
 31969 | Snake:1  | Bought a scroll of teleportation for 45 gold pieces
 31969 | Snake:1  | Bought a scroll of enchant armour for 112 gold pieces
 31969 | Snake:1  | Bought a scroll of teleportation for 45 gold pieces
 31972 | Snake:1  | Bought a scroll of magic mapping for 120 gold pieces
 31972 | Snake:1  | Bought a scroll of enchant armour for 120 gold pieces
 31975 | Snake:1  | Bought a potion of heal wounds for 95 gold pieces
 31975 | Snake:1  | Bought a potion of heal wounds for 95 gold pieces
 31975 | Snake:1  | Bought a potion of curing for 57 gold pieces
 31975 | Snake:1  | Bought a potion of curing for 57 gold pieces
 31975 | Snake:1  | Bought a potion of curing for 57 gold pieces
 31975 | Snake:1  | Bought a potion of berserk rage for 95 gold pieces
 32400 | Snake:2  | Noticed Azrael
 32407 | Snake:1  | Reached XP level 15. HP: 61/115 MP: 15/15
 32550 | Snake:2  | Noticed a nagaraja
 32720 | Snake:1  | Killed a nagaraja
 32905 | Snake:2  | Noticed Louise
 33109 | Snake:2  | Noticed Kirke
 33186 | Swamp:1  | Entered Level 1 of the Swamp
 34834 | Swamp:3  | Noticed a thorn hunter
 34960 | Swamp:3  | Killed a thorn hunter
 35204 | Swamp:3  | Reached skill level 5 in Evocations
 35214 | Swamp:3  | Reached XP level 16. HP: 79/125 MP: 16/16
 35293 | Swamp:3  | Identified the +1 robe of the Snake Pit {rElec MP+9 Str+4
                  | Int-3}
 35466 | Swamp:4  | Entered Level 4 of the Swamp
 35683 | Swamp:4  | Noticed Aizul
 35758 | Swamp:4  | Killed Aizul
 36277 | Swamp:4  | Noticed a tentacled monstrosity
 36293 | Swamp:4  | Killed a tentacled monstrosity
 36735 | Swamp:4  | Got a decaying rune of Zot
 37226 | Elf:1    | Paralysed by an air elemental for 1 turns
 37374 | Elf:1    | Paralysed by an air elemental for 1 turns
 38343 | Elf:2    | Identified the +0 chain mail of Wasted Space {Harm Will-
                  | Int+3 SInv}
 39091 | Elf:2    | Found a runed translucent gate.
 39091 | Elf:2    | Found a runed translucent gate.
 39092 | Elf:2    | Found a runed translucent gate.
 39256 | Elf:3    | Entered Level 3 of the Elven Halls
 39300 | Elf:3    | Reached XP level 17. HP: 101/133 MP: 17/17
 39611 | Elf:3    | Found Bupt's Magic Scroll Boutique.
 39619 | Elf:3    | Bought a scroll of teleportation for 39 gold pieces
 39619 | Elf:3    | Bought a scroll of teleportation for 39 gold pieces
 39619 | Elf:3    | Bought 3 scrolls of fear for 156 gold pieces
 39619 | Elf:3    | Bought a scroll of magic mapping for 97 gold pieces
 39619 | Elf:3    | Bought a scroll of enchant armour for 97 gold pieces
 39682 | Elf:3    | Noticed a deep elf blademaster
 39686 | Elf:3    | Noticed Saint Roka
 39700 | Elf:3    | Identified the +8 lajatang "Esech" {elec, rElec}
 39718 | Elf:3    | Got the Codex of Hyperbolic Bolts
 39730 | Elf:3    | Acquired 902 gold pieces
 39747 | Elf:3    | Identified the +3 ring mail of the Monk {Str+4}
 39755 | Elf:3    | Noticed a deep elf blademaster
 39803 | Elf:3    | Reached skill level 10 in Evocations
 39805 | Elf:3    | Noticed a deep elf master archer
 39834 | Elf:3    | Identified the ring "Ytacowk" {rC+ Int+6 Dex+7}
 39834 | Elf:3    | Noticed a deep elf master archer
 40139 | Elf:3    | Found a runed translucent door.
 40141 | Elf:3    | Found a hide-covered altar of Uskayaw.
 40225 | Elf:3    | Killed a deep elf blademaster
 40648 | Elf:3    | Killed a deep elf blademaster
 40684 | Elf:3    | Killed Saint Roka
 41049 | Elf:3    | Noticed a deep elf master archer
 41054 | Elf:3    | Identified the +9 great mace "Linewog" {venom, Str+3}
 41526 | Elf:3    | Killed a deep elf master archer
 41605 | Elf:3    | Killed a deep elf master archer
 41955 | Elf:3    | Got the Quarto of Coarse Heat
 42003 | Elf:3    | Identified the +0 cloak "Misam Akuhy" {Dex+2}
 42183 | Elf:3    | Killed a deep elf master archer
 42552 | Snake:1  | Killed Kirke
 42957 | D:12     | Noticed lotum's ghost (journeyman FoFi)
 42966 | D:12     | Found a transporter.
 43679 | D:12     | Found a transporter.
 43946 | D:13     | Reached XP level 18. HP: 141/141 MP: 18/18
 43977 | D:13     | Identified the +0 leather armour of the First Snow {rF+
                  | Regen+ Str-3}
 44658 | D:14     | Found a gate to the Vaults.
 45006 | D:14     | Noticed Frances
 45017 | D:14     | Killed Frances
 45586 | D:15     | Entered Level 15 of the Dungeon
 45872 | D:15     | Noticed Rupert
 45889 | D:15     | Killed Rupert
 46159 | D:15     | Found a staircase to the Depths.
 46776 | Snake:1  | Killed Azrael
 47145 | Snake:2  | Reached skill level 15 in Fighting
 47277 | Snake:2  | Killed Louise
 47382 | Snake:2  | You fall into a shaft and drop 1 floor!
 47643 | Snake:3  | Reached skill level 1 in Armour
 47691 | Snake:3  | Found a frozen archway.
 47738 | IceCv    | Entered an ice cave
 47911 | IceCv    | Reached skill level 5 in Armour
 47983 | IceCv    | Reached XP level 19. HP: 138/157 MP: 19/19
 48302 | IceCv    | Identified the +0 falchion of the Muttering Gods {pain, Fly
                  | Int+4 Stlth+}
 48602 | Snake:3  | Identified the +4 quarterstaff "Esotir" {freeze, rF+}
 48648 | Snake:2  | Identified the ring "Rotuol Tuyts" {rPois rF+ Str+6}
 49059 | Snake:3  | Noticed Donald
 49088 | Snake:3  | Killed Donald
 49391 | Snake:4  | Entered Level 4 of the Snake Pit
 49406 | Snake:4  | Noticed Agnes
 49424 | Snake:4  | Killed Agnes
 49766 | Snake:4  | Noticed Bai Suzhen
 49781 | Snake:4  | Killed Bai Suzhen
 49809 | Snake:4  | Found Xipsack's Assorted Antiques.
 49818 | Snake:4  | Bought a bone great sword for 402 gold pieces
 49818 | Snake:4  | Identified the +7 great sword of an ice cave {freeze, *Rage
                  | +Blink rC++ Int+4} (You bought it in a shop on level 4 of
                  | the Snake Pit)
 49820 | Snake:4  | Found Aclojav's Book Shoppe.
 50110 | Snake:4  | Noticed Mlioglotl
 50127 | Snake:4  | Killed Mlioglotl
 51341 | Snake:4  | Got a serpentine rune of Zot
 51844 | Vaults:1 | Entered Level 1 of the Vaults
 51928 | Vaults:1 | Reached XP level 20. HP: 155/167 MP: 20/20
 53450 | Vaults:1 | Bought a fine leather armour for 224 gold pieces
 53450 | Vaults:1 | Identified the +0 leather armour "Loiferor" {rElec rC+
                  | Stlth+} (You bought it in a shop on level 1 of the Vaults)
 53454 | Vaults:1 | Bought an encrusted scale mail for 279 gold pieces
 53454 | Vaults:1 | Identified the +1 scale mail of Etadwoa {Int+3 Stlth+} (You
                  | bought it in a shop on level 1 of the Vaults)
 53454 | Vaults:1 | Bought a heavily jewelled robe for 176 gold pieces
 53454 | Vaults:1 | Identified the +0 robe of the Original Sin {+Inv rC+} (You
                  | bought it in a shop on level 1 of the Vaults)
 53460 | Vaults:1 | Bought a scroll of magic mapping for 120 gold pieces
 53460 | Vaults:1 | Bought a scroll of magic mapping for 120 gold pieces
 53460 | Vaults:1 | Bought a scroll of teleportation for 48 gold pieces
 53460 | Vaults:1 | Bought a scroll of teleportation for 48 gold pieces
 54045 | Vaults:2 | You fall into a shaft and drop 1 floor!
 54595 | Vaults:3 | Reached XP level 21. HP: 165/176 MP: 21/21
 54598 | Vaults:3 | Reached skill level 15 in Stealth
 54754 | Vaults:3 | Found a staircase to the Crypt.
 54754 | Vaults:3 | Found an ancient bone altar of Kikubaaqudgha.
 54755 | Vaults:3 | Found a basalt altar of Yredelemnul.
 55757 | Vaults:2 | Acquired a +3 vorpal triple sword
 55802 | Vaults:2 | Identified the +4 long sword of Syenibbue {protect, Dex+3}
 55934 | Vaults:2 | Found a runed translucent gate.
 55935 | Vaults:2 | Found a runed translucent gate.
 55935 | Vaults:2 | Found a runed translucent gate.
 55938 | Vaults:2 | Noticed Wueresid's ghost (adept DEHW)
 56750 | Vaults:2 | Killed Wueresid's ghost
 56814 | Vaults:2 | Identified the ring "Pitiro" {rC+ Will- Int+2 Dex+9 Stlth+}
 56822 | Vaults:2 | Identified the +1 hat "Vazum" {rCorr}
 57334 | Vaults:4 | Found Gulod's Armour Shoppe.
 57710 | Vaults:4 | Found a runed translucent gate.
 57710 | Vaults:4 | Found a runed translucent gate.
 57711 | Vaults:4 | Found a runed translucent gate.
 58182 | Vaults:4 | Found a runed translucent gate.
 58182 | Vaults:4 | Found a runed translucent gate.
 58188 | Vaults:4 | Noticed Queguwis's ghost (veteran MfGl)
 58189 | Vaults:4 | Found a runed translucent gate.
 58231 | Vaults:4 | Killed Queguwis's ghost
 58248 | Vaults:4 | Learned a level 1 spell: Apportation
 58263 | Vaults:4 | Identified the +0 cloak of Existentialism {rPois rC- Dex+4}
 58411 | Vaults:5 | Entered Level 5 of the Vaults
 58425 | Vaults:4 | Reached XP level 22. HP: 108/190 MP: 22/22
 58843 | Vaults:5 | Noticed a golden dragon
 58855 | Vaults:5 | Killed a golden dragon
 58874 | Vaults:5 | Noticed an ancient lich
 58971 | Vaults:5 | Identified the ring "Xiur" {rF- rC- rN+ Int+9 Slay+3}
 59028 | Vaults:5 | Noticed Margery
 59044 | Vaults:5 | Killed Margery
 59114 | Vaults:5 | Identified the +5 halberd "Uvuireru" {vamp, rElec}
 59145 | Vaults:5 | Killed an ancient lich
 59342 | Vaults:5 | Identified the +1 scale mail "Diyzann" {Harm *Corrode
                  | Str+10 Dex+4}
 59395 | Vaults:5 | Paralysed by a great orb of eyes for 3 turns
 59458 | Vaults:5 | Reached XP level 23. HP: 197/199 MP: 23/23
 59784 | Vaults:5 | Identified the +3 leather armour "Xuolak" {rElec rN+ Str+4}
 59810 | Vaults:5 | Found Episoc's Assorted Antiques.
 59818 | Vaults:5 | Bought a transparent helmet for 342 gold pieces
 59818 | Vaults:5 | Identified the +3 helmet of Biskudiu {rN+ Dex+6} (You
                  | bought it in a shop on level 5 of the Vaults)
 60061 | Vaults:5 | Got Utomemo's Compilation of the Gelid Retinue
 60070 | Vaults:5 | Acquired a manual of Shields
 60296 | Vaults:5 | Got a silver rune of Zot
 60539 | Depths:1 | Entered Level 1 of the Depths
 60890 | Depths:1 | Paralysed by a floating eye for 4 turns
 60899 | Depths:1 | Paralysed by a floating eye for 2 turns
 60910 | Depths:1 | Paralysed by a floating eye for 4 turns
 60954 | Depths:1 | Found the +5 scythe "Finisher" {speed, eviscerate}
 60967 | Depths:1 | Got the Volume of the Dead and Shifting
 61211 | Depths:1 | Reached skill level 15 in Evocations
 61286 | Depths:1 | Found a gateway to Hell.
 61300 | Depths:1 | Got the Octavo of Peregrination
 61310 | Depths:1 | Identified the +5 chain mail "Qumec" {Harm Dex+9 Slay+4
                  | Stlth-}
 61374 | Depths:1 | Found a one-way gate leading to the halls of Pandemonium.
 63142 | Depths:2 | Identified the +9 long sword "Qywken" {antimagic, Dex+6}
 63768 | Depths:3 | Found a broken altar of Ashenzari.
 64091 | Depths:3 | Identified the ring "Xoizxen" {Ice +Blink Str-2 Int+7}
 64091 | Depths:3 | Noticed Josephina
 64118 | Depths:3 | Killed Josephina
 64119 | Depths:3 | Reached XP level 24. HP: 183/214 MP: 23/23
 64231 | Depths:3 | Found a one-way gate to the infinite horrors of the Abyss.
 64638 | Depths:3 | Found a one-way gateway to a ziggurat.
 65131 | Depths:4 | Entered Level 4 of the Depths
 65561 | Depths:4 | Noticed Jory
 65570 | Depths:4 | Noticed a caustic shrike
 65572 | Depths:4 | Killed Jory
 65573 | Depths:4 | Noticed a caustic shrike
 65574 | Depths:4 | Noticed a caustic shrike
 65582 | Depths:4 | Noticed a caustic shrike
 65583 | Depths:4 | Killed a caustic shrike
 65588 | Depths:4 | Noticed a caustic shrike
 65592 | Depths:4 | Killed a caustic shrike
 65595 | Depths:4 | Killed a caustic shrike
 65608 | Depths:4 | Killed a caustic shrike
 65621 | Depths:4 | Killed a caustic shrike
 66166 | Depths:4 | Found a gate to the Realm of Zot.
 66660 | Depths:4 | Upgraded the game from 0.30-a0-459-g9104f0fc43 to
                  | 0.30-a0-462-gd5975efbca
 66724 | Zot:1    | Entered Level 1 of the Realm of Zot
 67061 | Zot:1    | Reached XP level 25. HP: 183/230 MP: 23/23
 67189 | Zot:1    | Acquired a manual of Long Blades
 67514 | Zot:1    | Acquired a +2 double sword of protection
 68740 | Zot:3    | Noticed an ancient lich
 68943 | Zot:3    | Killed an ancient lich
 70036 | Zot:4    | Identified the +1 robe of Moral Flaws {-Tele Harm Dex+2}
 70673 | Zot:4    | Reached XP level 26. HP: 240/240 MP: 23/23
 70887 | Zot:5    | Entered Level 5 of the Realm of Zot
 71291 | Zot:5    | Noticed a dread lich
 71310 | Zot:5    | Noticed an orb of fire
 71315 | Zot:5    | Noticed an orb of fire
 71315 | Zot:5    | Gained mutation: You have an increased reservoir of magic.
                  | (+10% MP) [an orb of fire]
 71316 | Zot:5    | Killed an orb of fire
 71322 | Zot:5    | Noticed an orb of fire
 71323 | Zot:5    | Killed an orb of fire
 71325 | Zot:5    | Noticed an orb of fire
 71336 | Zot:5    | Gained mutation: Armour fits poorly on your strangely
                  | shaped body. [an orb of fire]
 71338 | Zot:5    | Killed an orb of fire
 71342 | Zot:5    | Noticed a Killer Klown
 71344 | Zot:5    | Killed a dread lich
 71345 | Zot:5    | Noticed a Killer Klown
 71349 | Zot:5    | Noticed an orb of fire
 71350 | Zot:5    | Killed a Killer Klown
 71354 | Zot:5    | Killed an orb of fire
 71355 | Zot:5    | Gained mutation: You occasionally lose the ability to read
                  | scrolls when taking damage. [an orb of fire]
 71359 | Zot:5    | Noticed an orb of fire
 71359 | Zot:5    | Noticed an orb of fire
 71361 | Zot:5    | Gained mutation: You are clumsy. (Dex -2) [an orb of fire]
 71364 | Zot:5    | Gained mutation: You have hidden genetic defects. [an orb
                  | of fire]
 71365 | Zot:5    | Noticed an orb of fire
 71506 | Zot:5    | Gained mutation: You are frail. (-10% HP) [an orb of fire]
 71511 | Zot:5    | Killed an orb of fire
 71518 | Zot:5    | Gained mutation: You are very frail. (-20% HP) [an orb of
                  | fire]
 71522 | Zot:5    | Killed an orb of fire
 71525 | Zot:5    | Gained mutation: You are extremely frail. (-30% HP) [an orb
                  | of fire]
 71527 | Zot:5    | Gained mutation: You sometimes lose your temper in combat.
                  | [an orb of fire]
 71528 | Zot:5    | Killed an orb of fire
 71537 | Zot:5    | Noticed an ancient lich
 71674 | Zot:4    | Killed an ancient lich
 71825 | Zot:4    | Killed a Killer Klown
 72219 | Zot:5    | Gained mutation: You occasionally shout uncontrollably at
                  | your foes. [hidden defects]
 72763 | Zot:5    | Reached skill level 27 in Long Blades
 72820 | Zot:5    | Gained mutation: You are very clumsy. (Dex -4) [hidden
                  | defects]
 72820 | Zot:5    | Lost mutation: You have hidden genetic defects. [hidden
                  | defects expressed]
 72902 | Zot:5    | Killed an orb of fire
 73021 | Zot:5    | Reached skill level 27 in Dodging
 73049 | Zot:5    | Reached skill level 27 in Fighting
 73409 | Zot:5    | Reached XP level 27. HP: 174/174 MP: 25/25
 74004 | Zot:5    | Lost mutation: Armour fits poorly on your strangely shaped
                  | body. [potion of mutation]
 74004 | Zot:5    | Lost mutation: You sometimes lose your temper in combat.
                  | [potion of mutation]
 74004 | Zot:5    | Gained mutation: Armour fits poorly on your strangely
                  | shaped body. [potion of mutation]
 74004 | Zot:5    | Lost mutation: You are extremely frail. (-30% HP) [potion
                  | of mutation]
 74005 | Zot:5    | Lost mutation: You occasionally shout uncontrollably at
                  | your foes. [potion of mutation]
 74005 | Zot:5    | Lost mutation: You occasionally lose the ability to read
                  | scrolls when taking damage. [potion of mutation]
 74005 | Zot:5    | Lost mutation: You have an increased reservoir of magic.
                  | (+10% MP) [potion of mutation]
 74005 | Zot:5    | Gained mutation: You have a pair of small antennae on your
                  | head. [potion of mutation]
 74006 | Zot:5    | Lost mutation: You are very clumsy. (Dex -4) [potion of
                  | mutation]
 74006 | Zot:5    | Lost mutation: Armour fits poorly on your strangely shaped
                  | body. [potion of mutation]
 74006 | Zot:5    | Lost mutation: You are very frail. (-20% HP) [potion of
                  | mutation]
 74006 | Zot:5    | Gained mutation: You possess an exceptional clarity of
                  | mind. [potion of mutation]
 74006 | Zot:5    | Gained mutation: Your muscles are strong. (Str +4, Int/Dex
                  | -1) [potion of mutation]
 74006 | Zot:5    | Gained mutation: You passively map a small area around you.
                  | [potion of mutation]
 74007 | Zot:5    | Lost mutation: You have a pair of small antennae on your
                  | head. [potion of mutation]
 74007 | Zot:5    | Lost mutation: You are frail. (-10% HP) [potion of
                  | mutation]
 74007 | Zot:5    | Gained mutation: You are frail. (-10% HP) [potion of
                  | mutation]
 74008 | Zot:5    | Lost mutation: Your muscles are strong. (Str +4, Int/Dex
                  | -1) [potion of mutation]
 74008 | Zot:5    | Lost mutation: You possess an exceptional clarity of mind.
                  | [potion of mutation]
 74008 | Zot:5    | Lost mutation: You are clumsy. (Dex -2) [potion of
                  | mutation]
 74008 | Zot:5    | Gained mutation: You are partially covered in iridescent
                  | scales. (AC +2) [potion of mutation]
 74008 | Zot:5    | Gained mutation: Your system is resistant to poisons.
                  | (rPois) [potion of mutation]
 74009 | Zot:5    | Lost mutation: Your system is resistant to poisons. (rPois)
                  | [potion of mutation]
 74009 | Zot:5    | Lost mutation: You are frail. (-10% HP) [potion of
                  | mutation]
 74009 | Zot:5    | Lost mutation: You passively map a small area around you.
                  | [potion of mutation]
 74009 | Zot:5    | Gained mutation: You are robust. (+10% HP) [potion of
                  | mutation]
 74075 | Zot:5    | Bought a faintly humming plate armour for 1176 gold pieces
 74075 | Zot:5    | Identified the +0 plate armour "Vull" {rC+++ MP+9 Str+3
                  | Dex-3} (You bought it in a shop on level 5 of the Realm of
                  | Zot)
 74075 | Zot:5    | Bought a faintly humming plate armour for 1176 gold pieces
 74075 | Zot:5    | Identified the +0 plate armour of Inference {Regen+} (You
                  | bought it in a shop on level 5 of the Realm of Zot)
 74075 | Zot:5    | Bought an ichor-stained robe for 239 gold pieces
 74075 | Zot:5    | Identified the +1 robe "Jopav" {rC+ Will+ Int+2} (You
                  | bought it in a shop on level 5 of the Realm of Zot)
 74075 | Zot:5    | Bought a brightly glowing leather armour for 294 gold
                  | pieces
 74075 | Zot:5    | Identified the +0 leather armour of Temperance {Int+4 SInv}
                  | (You bought it in a shop on level 5 of the Realm of Zot)
 74082 | Zot:5    | Got the Orb of Zot
 74829 | D:$      | Escaped with the Orb!

Illustrated notes

Levels and vault maps discovered:
D:1:      saegor_arrival_simple_c, layout_basic, st_stairs_3
D:2:      layout_rooms, serial_corexii_hall, chequers_hall_statues_y,
          corexii_hall_statues_t
D:3:      layout_basic, chequers_ecumenical_altar_simple, serial_shops,
          nicolae_diamond_shop, hangedman_decor_clover_reticule
D:4:      layout_rooms, minmay_temple_entry_hall
D:5:      layout_loops_corners, abandoned_shop
D:6:      layout_cave_pods, minmay_curled_crystal, uniq_grinder
D:7:      layout_loops_ring, nicolae_wu_jian_wuxing_cycle,
          minmay_alternating_orb, uniq_menkaure
D:8:      layout_rooms, lemuel_crystal_altar,
          nicolae_gozag_cash_rules_everything_around_me, serial_shops,
          nicolae_shop_overgrown_old_shop, grunt_decor_clamped
D:9:      layout_irregular_city, hellmonk_lair_entry_icy,
          kennysheep_generic_room_15
D:10:     layout_layer_cave, erik_orc_2, st_stairs_3, minivault_27,
          grunt_ministairs_6
D:11:     layout_gridville, gauntlet_entry_generic
D:12:     layout_gridville, gammafunk_ghost_berserking_beasts
D:13:     layout_cave_pools, minmay_fractal_squares_5
D:14:     layout_grid_maze, david_vaults_2, hangedman_abyss_or_decor_stabs,
          palyth_stone_intersect, uniq_frances
D:15:     hangedman_depths_entry_try_elsewhere_first, layout_basic,
          serial_curves, eino_curves_04, eino_curves_03, uniq_rupert
Temple:   hellmonk_temple_of_storms
Lair:1:   layout_chaotic_city, infiniplex_staircase_pool
Lair:2:   layout_small_grid, grunt_forest_large_clearings, serial_bayou_shore_a,
          lemuel_fruit_tree
Lair:3:   layout_small_grid, swamp_mist, dummy_snake_entry,
          roderic_carrion_pond, serial_bayou_shore_b
Lair:4:   minmay_lair_venomous_thicket, layout_big_grid, slime_entry_1,
          gammafunk_ghost_necromancy, bobbens_ice_dragon_lair,
          infiniplex_staircase_pool_2
Lair:5:   cheibrodos_lair_end_hotspot, layout_misc_corridors,
          nicolae_lair_grove_arrangements
Swamp:1:  layout_basic_swamp, hangedman_swamp_ruin_wall, swamp_pool4
Swamp:2:  layout_basic_swamp, evilmike_swamp_ruin_rubble_1
Swamp:3:  layout_falls_marsh, nicolae_swamp_feature_on_the_river_bank,
          swamp_pool3
Swamp:4:  swamp_icy, layout_basic_swamp, uniq_aizul
Snake:1:  layout_misc_corridors, grunt_megastairs_4, minmay_shoptagon
Snake:2:  layout_misc_corridors, uniq_azrael, uniq_louise, uniq_kirke
Snake:3:  layout_onion_interference, portal_ice_cave_entry_ice_simulacra,
          drop_trap, uniq_donald
Snake:4:  johnstein_snake_rune_scales, layout_cave_pods, minmay_shop_star,
          grunt_megastairs_5, uniq_agnes, uniq_mlioglotl, uniq_bai_suzhen
Orc:1:    layout_caves, gammafunk_ghost_cemetery, mines1_david, uniq_maurice,
          uniq_jorgrun
Orc:2:    st_orc_rangers, layout_diamond_mine, statue_in_the_mist_lemuel,
          uniq_snorg
Elf:1:    eino_elf_arrival_the_gate, layout_geoelf_octagon,
          hangedman_corner_corridor, kb_rosetta
Elf:2:    nicolae_elf_blades_splatter_lattice
          [nicolae_blade_entry_sentries_behind_glass], layout_onion_city
Elf:3:    minmay_elf_hall_quartered_circle, layout_gridlike, serial_shops,
          nicolae_diamond_shop, nicolae_danse_macabre, uniq_saint_roka
Vaults:1: v_alt_pattern_4, grunt_vaults_funnel, grunt_vaults_focal,
          ontoclasm_vaults_pinch, nicolae_vaults_little_squares_6,
          hangedman_vaults_nodes, nicolae_vaults_windows_and_doors_thing,
          ontoclasm_vaults_spin, v_misc_15, nicolae_vaults_little_squares_3,
          vaults_room_fours, layout_vaults_omnigrid
Vaults:2: gammafunk_ghost_tricky_traps, nicolae_vaults_network_periphery,
          hangedman_vaults_stream, vaults_room_fours, v_misc_12,
          grunt_vaults_hallway_short, vaults_mumra_minichess,
          vaults_room_stairs_pillars, nicolae_vaults_network_barrier, v_misc_13,
          nicolae_vaults_ring_of_whatevers, vaults_dpeg_encased_lava, v_misc_8,
          ontoclasm_vaults_decontamination, layout_vaults_omnibox
Vaults:3: vaults_room_pools, minmay_crypt_entry_necro_gods,
          hangedman_vaults_cutoff, vaults_room_door_ring,
          hangedman_vaults_nails, nicolae_vaults_asterisk,
          layout_vaults_chaotic_city
Vaults:4: ploomutoo_gammafunk_ghost_potion_laboratory, vaults_room_door_hall,
          v_misc_24, nicolae_vaults_network_square,
          nicolae_vaults_border_crossing, hangedman_vaults_corner_blocks,
          ontoclasm_vaults_twist, v_misc_19, hangedman_vaults_snaps,
          ontoclasm_vaults_gateway, nicolae_vaults_little_squares_5,
          hangedman_vaults_trim, layout_vaults_omnicross, serial_shops, shop
Vaults:5: serial_shops, uniq_margery
Depths:1: layout_gridlike, lightli_too_deep, rand_demon_pan_entry_1,
          hangedman_decor_slide_cut, minmay_the_grid_square_5x5_3x3_mashed
          [minmay_the_grid_square_5x5_checkered_sparse,
          minmay_the_grid_square_5x5_inner_v,
          minmay_the_grid_square_5x5_two_small,
          minmay_the_grid_square_5x5_intrusive_squares,
          minmay_the_grid_square_5x5_megaprize_diamond,
          minmay_the_grid_square_5x5_tie, minmay_the_grid_square_5x5_comb,
          minmay_the_grid_square_5x5_shrine2,
          minmay_the_grid_square_5x5_checkered]
Depths:2: evilmike_hourglass, layout_basic, hell_entry,
          marbit_kobold_abyss_entry, pan_entry, minmay_staircase_bubble
Depths:3: minmay_tri_stars, layout_basic, enter_ziggurat_f, hell_entry,
          nicolae_ashenzari_panopticon, abyss_entry, uniq_josephina
Depths:4: grunt_zot_entry_gee_three, layout_basic, hex_tiny,
          hangedman_geh_valley, uniq_jory
Zot:1:    layout_basic, zot_minivault_6
Zot:2:    layout_onion_interference, grunt_ministairs_15
Zot:3:    hangedman_snap_crack_crunch, layout_cathedral_of_symmetry
Zot:4:    layout_basic
Zot:5:    layout_misc_corridors, nicolae_zot_crop_circle

Skill      XL: |  1  2  3  4  5  6  7  8  9 10 11 12 13 14 15 16 17 18 19 20 21 22 23 24 25 26 27 |
---------------+----------------------------------------------------------------------------------+-----
Long Blades    | 4 5 6 7 8 9 11 13 14 18 20 21 22 26 27 | 27.0
Dodging        | 12 13 14 15 17 18 21 22 23 26 27 | 27.0
Fighting       | 3 4 5 6 9 10 11 12 16 17 20 23 26 27 | 27.0
Stealth        | 1 4 5 8 10 11 12 13 14 17 20 24 25 | 25.2
Evocations     | 2 5 8 10 11 12 14 16 | 16.0
Armour         | 5 9 |  9.7
Throwing       | |  2.4

Action                   |  1- 3 |  4- 6 |  7- 9 | 10-12 | 13-15 | 16-18 | 19-21 | 22-24 | 25-27 || total
-------------------------+-------+-------+-------+-------+-------+-------+-------+-------+-------++-------
Melee: Long sword        |    64 |   176 |   181 |       |       |       |       |       |       ||   421
       Punch             |       |     3 |     7 |    20 |    18 |       |       |       |       ||    48
       Falchion          |       |       |   260 |  1399 |   701 |       |       |       |       ||  2360
       Tailslap          |       |       |       |    15 |    68 |    33 |     2 |       |       ||   118
       Great sword       |       |       |       |       |   822 |  1387 |  1218 |       |       ||  3427
       Triple sword      |       |       |       |       |       |       |   363 |  1319 |   836 ||  2518
 Cast: Apportation       |       |       |       |       |       |       |    17 |       |       ||    17
Invok: Call Merchant     |       |       |       |     2 |       |     1 |     4 |     3 |     1 ||    11
       Potion Petition   |       |       |       |       |       |       |       |     1 |       ||     1
       Bribe Branch      |       |       |       |       |       |       |       |       |     1 ||     1
Evoke: Wand              |       |       |     9 |       |    10 |     5 |     1 |       |       ||    25
       Condenser vane    |       |       |       |     1 |     2 |     1 |     1 |     2 |       ||     7
       Box of beasts     |       |       |       |       |       |     2 |     2 |     1 |       ||     5
       Phial of floods   |       |       |       |       |       |     1 |     1 |       |       ||     2
       Phantom mirror    |       |       |       |       |       |     1 |       |     1 |       ||     2
  Use: Scroll            |     6 |     5 |     4 |    15 |     6 |    12 |     6 |     7 |     7 ||    68
       Potion            |     1 |     3 |     5 |     4 |     4 |     9 |     2 |     9 |     7 ||    44
 Stab: Invisible         |       |       |     3 |    11 |     4 |       |     9 |     6 |       ||    33
       Distracted        |       |       |     2 |     8 |    14 |    10 |    41 |    44 |    26 ||   145
       Sleeping          |       |       |       |     9 |    26 |    23 |    41 |    21 |    17 ||   137
       Confused          |       |       |       |     1 |       |       |       |       |       ||     1
Armor: Leather armour    |    11 |       |    18 |       |       |       |       |       |       ||    29
       Scale mail        |     6 |       |       |       |       |       |       |       |       ||     6
       Ring mail         |     9 |    35 |    51 |       |       |       |       |       |       ||    95
       Robe              |       |       |     7 |    13 |       |       |       |       |       ||    20
       Steam dragon scal |       |       |       |   175 |    26 |       |       |       |       ||   201
       Animal skin       |       |       |       |       |   158 |   115 |   110 |    97 |   108 ||   588
       Acid dragon scale |       |       |       |       |     6 |       |       |       |       ||     6
Dodge: Dodged            |    89 |   188 |   414 |  1052 |  1331 |  1415 |  1723 |  1566 |  1210 ||  8988
Block: Other             |       |       |       |   153 |   171 |       |       |       |       ||   324
       Reflection        |       |       |       |    29 |     4 |       |       |       |       ||    33

Table legend: (Time is in decaauts)
 A = Elapsed time spent in this place.
 B = Non-inter-level travel time spent in this place.
 C = Inter-level travel time spent in this place.
 D = Time resting spent in this place.
 E = Time spent auto-exploring this place.
 F = Levels seen in this place.
 G = Mean time per level.
                   A        B        C        D        E       F      G
               +--------+--------+--------+--------+--------+-----+--------+
         Total |  71949 |  66338 |   5611 |  14537 |  30214 |  50 | 1439.0 |
       Dungeon |  23174 |  20379 |   2795 |   5476 |   9485 |  15 | 1544.9 |
        Temple |     39 |     39 |      0 |      0 |      0 |   1 |   39.0 |
          Lair |   7311 |   6575 |    736 |   1235 |   3262 |   5 | 1462.2 |
         Swamp |   3145 |   2978 |    167 |    723 |   1056 |   4 |  786.2 |
     Snake Pit |   5822 |   5336 |    486 |   1144 |   2180 |   4 | 1455.5 |
  Orcish Mines |   4770 |   4351 |    419 |   1680 |    906 |   2 | 2385.0 |
   Elven Halls |   4946 |   4610 |    336 |   1276 |   1594 |   3 | 1648.7 |
        Vaults |   8241 |   7874 |    367 |    701 |   4673 |   5 | 1648.2 |
        Depths |   6038 |   5830 |    208 |    337 |   3606 |   4 | 1509.5 |
           Zot |   7266 |   7173 |     93 |   1847 |   2956 |   5 | 1453.2 |
      Ice Cave |    747 |    747 |      0 |     43 |    357 |   1 |  747.0 |
      Gauntlet |    444 |    444 |      0 |     73 |    136 |   1 |  444.0 |
               +--------+--------+--------+--------+--------+-----+--------+

Top non-repeatable levels by time:
     D:9: 3497 daAuts
   Orc:2: 3294 daAuts
    D:10: 2746 daAuts
   Elf:3: 2663 daAuts
     D:5: 2546 daAuts
   Zot:5: 2473 daAuts
 Snake:4: 2090 daAuts
 Snake:1: 1991 daAuts
     D:3: 1973 daAuts
  Lair:5: 1967 daAuts
   Zot:4: 1807 daAuts
Vaults:2: 1775 daAuts
Vaults:4: 1773 daAuts
Vaults:1: 1650 daAuts
Depths:4: 1635 daAuts
